 Dungeon Crawl Stone Soup version 0.28.0-53-g5a82cb258f (webtiles) character file.

Game seed: 13687056963478349245

341 unlimited1921 the Magician (level 6, -5/40 HPs)
             Began as a Djinni Fire Elementalist on June 23, 2022.
             Killed from afar by an electric eel (15 damage)
             ... with a bolt of electricity
             ... on level 3 of the Dungeon.
             The game lasted 00:12:18 (5118 turns).

unlimited1921 the Magician (DjFE)                   Turns: 5118, Time: 00:12:19

Health: -5/40      AC:  3    Str:  7    XL:     6   Next: 87%
Gold:   31         EV: 12    Int: 19    God:
                   SH:  0    Dex: 13

rFire   + + .      SeeInvis .   h - +0 short sword
rCold   x . .      Faith    .   (no shield)
rNeg    . . .      Spirit   .   d - +0 leather armour
rPois   ∞          Reflect  .   (no helmet)
rElec   .          Harm     .   (no cloak)
rCorr   .          Rampage  .   (no gloves)
Will    .....                   (boots unavailable)
Stlth   ++........              (no amulet)
HPRegen 0.13/turn               (no ring)
MPRegen 0.00/turn               (no ring)

@: flying
A: sickness immunity, fire resistance 2, cold vulnerability 1, float, innate
caster, HP casting, extra vitality 1
a: no special abilities


You were on level 3 of the Dungeon.
You visited 1 branch of the dungeon, and saw 3 of its levels.

You collected 96 gold pieces.
You spent 65 gold pieces at shops.

Inventory:

Hand Weapons
 h - a +0 short sword (weapon)
Missiles
 e - 42 stones
 o - 5 javelins
 p - 20 bolts
 r - 2 poisoned darts
Armour
 a - a +0 robe
 d - a +0 leather armour (worn)
 k - a +0 ring mail
Wands
 t - a wand of flame (14)
Scrolls
 b - 6 scrolls of teleportation {unknown}
 i - a scroll of vulnerability {unknown}
 m - a scroll of enchant armour
 n - 2 scrolls of torment {unknown}
 q - a scroll of holy word
 s - 3 scrolls of noise {unknown}
Potions
 c - a potion of cancellation {unknown}
 f - 4 potions of curing
 g - a potion of attraction {unknown}
 j - 2 potions of brilliance {unknown}
 l - a potion of haste {unknown}


   Skills:
 + Level 2.3 Armour
 + Level 3.1 Dodging
 + Level 2.5 Stealth
 + Level 4.5 Spellcasting


You couldn't memorise any spells.
You knew the following spells:

 Your Spells              Type           Power      Damage    Failure   Level
a - Foxfire               Conj/Fire      84%        2x1d8     3%          1
b - Scorch                Fire           42%        2d7       4%          2
c - Conjure Flame         Conj/Fire      21%        6-21      9%          3
d - Inner Flame           Hex/Fire       21%        N/A       9%          3
e - Flame Wave            Conj/Fire      21%        2d7       30%         4
f - Slow                  Hex            84%        N/A       3%          1
g - Ensorcelled Hibernat  Hex/Ice        42%        N/A       4%          2
Your spell library was empty.

Dungeon Overview and Level Annotations

Branches:
Dungeon (3/15)

Altars:

Shops:
D:3 *

Annotations:
D:3 1 transporter


Innate Abilities, Weirdness & Mutations

You are immune to sickness and miasma.
You are immune to poison.
Your flesh is very heat resistant. (rF++)
You are vulnerable to cold. (rC-)
You float through the air rather than walking.
You learn spells naturally, not from books.
Your magical power is your life essence.
You have superior vitality. (+4 MHP)


Message History

Casting: Foxfire (safe; 3% risk of failure)
Confirm with . or Enter, or press ? or * to list all spells.
Flames lash the adder.
You kill the adder!
You start resting.
HP restored.
You start waiting.
Done waiting.
You see here an adder corpse.
You see here a hobgoblin skeleton.
There is an escape hatch in the ceiling here.
Partly explored, unvisited transporter.
Partly explored, unvisited transporter.
You see here 15 sling bullets.
There is a transporter here.
You enter the transporter and appear at another place.
t - a wand of flame (14)
You reach down and open the door.
Casting: Scorch (safe; 4% risk of failure)
Confirm with . or Enter, or press ? or * to list all spells.
You conjure some foxfire!
Casting: Foxfire (safe; 3% risk of failure)
Confirm with . or Enter, or press ? or * to list all spells.
You conjure some foxfire!
Casting: Foxfire (safe; 3% risk of failure)
Confirm with . or Enter, or press ? or * to list all spells.
You conjure some foxfire!
Your foxfire dissipates!
Casting: Foxfire (safe; 3% risk of failure)
Confirm with . or Enter, or press ? or * to list all spells.
Okay, then.
The electric eel shoots out a bolt of lightning at you!
The bolt of electricity hits you. The bolt of electricity hits you!
The bolt of electricity hits your foxfire!
The bolt of electricity hits the plant!
The plant begins to die.
The electric eel shoots out a bolt of lightning at you!
The bolt of electricity hits you!
* * * LOW HITPOINT WARNING * * *
The bolt of electricity hits you!
You die...

#....#.#...###.###.####.###.
########..#......##.# #..........
#..............#....###......####
#.######.#...#.#####...###.###
#.######.###.....(...........#
#.#..........###############.#
#.#.####.###.#8P#S≈§≈≈≈≈#P8#.###
#<#.# #.....#.§#...§§§.#..#...#
#.#.# ###..©#v§@...♣...+$©#©..#
....## ##..#§v#.......#..#...#
.....## #..#8P#S≈≈≈≈≈≈#P8#.#.#
#.#...#####..###############.#.#
#......##................(...#.#
###...###.####################.#
.....## #.# #.# ####.# #.# #.#
#.####.# #.#


You could see 2 electric eels.

Vanquished Creatures
  Sigmund (D:3)
  An ogre (D:2)
  4 adders
  A white imp (D:3)
  A worm (D:2)
  An orc (D:3)
  5 bats
  4 endoplasms
  A giant cockroach (D:2)
  5 hobgoblins
  6 jackals
  3 ball pythons
  A frilled lizard (D:1)
  2 goblins
  5 kobolds
  5 rats
46 creatures vanquished.

Vanquished Creatures (collateral kills)
  3 foxfires (D:3)
3 creatures vanquished.

Vanquished Creatures (others)
  139 foxfires
139 creatures vanquished.

Grand Total: 188 creatures vanquished

Notes
Turn   | Place    | Note
-------+----------+-------------------------------------------
     0 | D:1      | unlimited1921 the Djinni Fire Elementalist began the quest
                  | for the Orb.
     0 | D:1      | Reached XP level 1. HP: 15/15 MP: 0/0
   867 | D:1      | Reached XP level 2. HP: 17/21 MP: 0/0
  2287 | D:2      | Reached XP level 3. HP: 23/25 MP: 0/0
  2287 | D:2      | Learned a level 1 spell: Slow
  2289 | D:2      | Noticed an ogre
  2330 | D:2      | Killed an ogre
  2331 | D:2      | Reached skill level 1 in Armour
  2331 | D:2      | Reached skill level 3 in Spellcasting
  2331 | D:2      | Reached XP level 4. HP: 17/31 MP: 0/0
  2331 | D:2      | Reached XP level 5. HP: 19/35 MP: 0/0
  2331 | D:2      | Learned a level 2 spell: Ensorcelled Hibernation
  2843 | D:2      | Found a faded altar of an unknown god.
  3762 | D:3      | Found a transporter.
  3823 | D:3      | Noticed Sigmund
  3828 | D:3      | Killed Sigmund
  3829 | D:3      | Reached skill level 4 in Spellcasting
  3829 | D:3      | Reached XP level 6. HP: 28/40 MP: 0/0
  4451 | D:3      | Found a transporter.
  4596 | D:3      | Found Pone's General Store.
  4684 | D:3      | Bought a potion of curing for 39 gold pieces
  4684 | D:3      | Bought a scroll of identify for 26 gold pieces
  5118 | D:3      | Killed from afar by an electric eel

Illustrated notes

Levels and vault maps discovered:
D:1:      lemuel_arrival_tunnels, layout_basic
D:2:      layout_loops_ring, chequers_ecumenical_altar_simple_redux,
          minivault_25
D:3:      gammafunk_steamed_eel, layout_loops_ring, serial_shops, shop,
          uniq_sigmund

Skill      XL: |  1  2  3  4  5 |
---------------+----------------+-----
Armour         | 1 2 |  2.3
Stealth        | 2 |  2.5
Spellcasting   | 3 4 |  4.5
Dodging        | 3 |  3.1

Action                   |  1- 3 |  4- 6 || total
-------------------------+-------+-------++-------
 Cast: Foxfire           |    42 |    49 ||    91
       Scorch            |     3 |     5 ||     8
       Slow              |     2 |       ||     2
       Inner Flame       |       |     9 ||     9
  Use: Scroll            |       |     2 ||     2
Armor: Leather armour    |     4 |       ||     4
Dodge: Dodged            |    16 |     2 ||    18
